 Dungeon Crawl Stone Soup version 0.25.0-1-g7eea58d2a3 (webtiles) character file.

Game seed: 6892444558200132070

198 tilp the Digger (level 5, -3/30 HPs)
             Began as a Gargoyle Earth Elementalist on June 14, 2020.
             Slain by an ogre
             ... wielding a +0 giant club
              (14 damage)
             ... on level 3 of the Dungeon.
             The game lasted 00:05:13 (2402 turns).

tilp the Digger (Gargoyle Earth Elementalist)       Turns: 2402, Time: 00:05:13

Health: -3/30      AC:  6    Str: 11    XL:     5   Next: 76%
Magic:  3/8        EV: 12    Int: 17    God:
Gold:   167        SH:  0    Dex: 10    Spells: 2/8 levels left

rFire    . . .     SeeInvis .   a - +0 flail
rCold    . . .     Gourm    .   (no shield)
rNeg     + . .     Faith    .   c - +0 robe
rPois    ∞         Spirit   .   (no helmet)
rElec    +         Reflect  .   (no cloak)
rCorr    .         Harm     .   (no gloves)
MR       .....                  (no boots)
Stlth    ++........             (no amulet)
HPRegen  0.10/turn              (no ring)
MPRegen  0.11/turn              (no ring)

@: very slightly contaminated
A: negative energy resistance 1, electricity resistance, unbreathing,
petrification resistance, rot immunity, AC +4
a: no special abilities


You were on level 3 of the Dungeon.
You were not hungry.

You visited 1 branch of the dungeon, and saw 4 of its levels.

You collected 167 gold pieces.

Inventory:

Hand Weapons
 a - a +0 flail (weapon)
 m - a +0 war axe
Missiles
 b - 93 stones (quivered)
 j - 7 curare-tipped darts
 p - 23 sling bullets
 s - 4 poisoned darts
Armour
 c - a +0 robe (worn)
Scrolls
 e - 3 scrolls of identify
 h - 5 scrolls of teleportation
 i - a scroll of remove curse
Potions
 g - a potion of brilliance
 n - a potion of stabbing {unknown}
 q - a potion of curing {unknown}
Comestibles
 d - 4 rations
 f - 4 chunks of flesh


   Skills:
 - Level 2.0 Fighting
 - Level 2.0 Dodging
 - Level 2.1 Stealth
 + Level 2.4 Spellcasting
 + Level 1.3 Conjurations
 - Level 0.7 Transmutations
 + Level 6.2 Earth Magic


You had 2 spell levels left.
You knew the following spells:

 Your Spells              Type           Power        Failure   Level  Hunger
a - Sandblast             Erth           ###...       1%          1    #......
b - Passwall              Tmut/Erth      ##......     7%          2    ##.....
c - Stone Arrow           Conj/Erth      ###...       12%         3    ###....

Your spell library contained the following spells:

 Spells                   Type           Power        Failure   Level  Hunger
 Lee's Rapid Deconstruct  Erth           ###.......   36%         5    ######.
 Petrify                  Tmut/Erth      ##......     41%         4    #####..


Dungeon Overview and Level Annotations

Branches:
Dungeon (4/15)
 Temple: D:4-7

Altars:


Innate Abilities, Weirdness & Mutations

You are resistant to torment.
Your stone body is resilient. (AC +4)
You are immune to poison.
You resist negative energy. (rN+)
You are resistant to electric shocks. (rElec)
You can survive without breathing.
You are immune to petrification.
You are immune to rotting.


Message History

Unknown command.
Casting: Sandblast (safe; 1% risk of failure)
Confirm with . or Enter, or press ? or * to list all spells.
Aiming: Sandblast (safe; 1% risk of failure)
Press: ? - help, Shift-Dir - straight line, f - ogre
Aim: an ogre, wielding a +0 giant club The blast of sand hits the ogre!
The ogre is heavily wounded.
b - 94 stones The ogre barely misses you.
Casting: Sandblast (safe; 1% risk of failure)
Confirm with . or Enter, or press ? or * to list all spells.
Aiming: Sandblast (safe; 1% risk of failure)
Press: ? - help, Shift-Dir - straight line, f/p - ogre
Aim: an ogre, wielding a +0 giant club (heavily wounded)
The blast of sand hits the ogre!
The ogre is almost dead.
b - 93 stones The ogre hits you with a +0 giant club!
You die...

#.# #.... #.# #.###
#.#########)###
#...........#..
#.#............
#.#.###########
##########.#..........
#.....O....#.#########
#.###@................
#.###.####.#.#########
#.#......#.#.# ####
#.#.#.##.#.#.######...
#.#.#.................
#.#.####.#.#.###......
#.#........#.# #......
#####.#...÷....#.#
#....##
#<....#........#.#
#....#


You could see an ogre.

Vanquished Creatures
  A howler monkey (D:4)
  A crimson imp (D:2)
  A gnoll (D:1)
  7 adders
  A worm (D:2)
  A dart slug (D:2)
  An orc (D:3)
  2 giant cockroaches
  8 goblins
  5 hobgoblins
  2 kobolds
  A ball python (D:3)
  10 bats
  3 frilled lizards
  8 rats
52 creatures vanquished.

Notes
Turn   | Place    | Note
-------+----------+-------------------------------------------
     0 | D:1      | tilp the Gargoyle Earth Elementalist began the quest for
                  | the Orb.
     0 | D:1      | Reached XP level 1. HP: 10/10 MP: 3/3
   287 | D:1      | Reached skill level 4 in Earth Magic
   346 | D:1      | Reached XP level 2. HP: 15/15 MP: 5/5
   350 | D:1      | Learned a level 2 spell: Passwall
   600 | D:1      | Reached skill level 5 in Earth Magic
   600 | D:1      | Reached XP level 3. HP: 11/19 MP: 1/6
   951 | D:2      | Reached XP level 4. HP: 24/24 MP: 1/7
  1026 | D:2      | Reached skill level 6 in Earth Magic
  1181 | D:2      | Reached skill level 1 in Fighting
  1534 | D:2      | Reached XP level 5. HP: 30/30 MP: 8/8
  1553 | D:2      | Learned a level 3 spell: Stone Arrow
  2388 | D:4      | Noticed an ogre
  2396 | D:4      | Reached skill level 1 in Conjurations
  2402 | D:3      | Slain by an ogre

Illustrated notes

Levels and vault maps discovered:
D:1:      minmay_arrival_nine_rooms, layout_rooms, serial_corexii_hall,
          corexii_hall_statues_x, corexii_hall_statues_deadend, minivault_25
D:2:      layout_rooms
D:3:      layout_basic, first_ration
D:4:      layout_rooms, gup_sewer_entry_pipe

Skill      XL: |  1  2  3  4  5 |
---------------+----------------+-----
Earth Magic    | 4 5 6 |  6.2
Fighting       | 1 2 |  2.0
Dodging        | 2 |  2.0
Conjurations   | 1 |  1.3
Stealth        | |  2.1
Spellcasting   | |  2.4
Transmutations | |  0.7

Action                   |  1- 3 |  4- 6 || total
-------------------------+-------+-------++-------
Melee: Spear             |    49 |    79 ||   128
 Cast: Sandblast         |    10 |    23 ||    33
  Use: Scroll            |     3 |     4 ||     7
 Stab: Sleeping          |     1 |     3 ||     4
  Eat: Chunk             |       |     5 ||     5
Armor: Robe              |     9 |    14 ||    23
Dodge: Dodged            |    31 |    40 ||    71
